[Event "GER-ch Youth-U12 2024"]
[Site "Willingen"]
[Date "2024.05.19"]
[Round "1"]
[White "Balashvili, Amiran"]
[Black "Marynychenko, Yehor"]
[Result "0-1"]
[ECO "B45"]
[WhiteElo "1682"]
[BlackElo "1896"]
[Annotator "NA RC"]
[PlyCount "96"]
[EventDate "2022.06.05"]
[EventType "swiss"]
[EventRounds "9"]
[EventCountry "GER"]
[SourceTitle "playchess.com"]
[Source "ChessBase"]
[SourceQuality "1"]
[TimeControl "40/4500+30:900+30"]

1. e4 c5 2. Nf3 Nc6 3. d4 cxd4 4. Nxd4 Nf6 5. Nc3 e6 6. a3 Be7 7. Be2 O-O 8. O-O d5 9. exd5 Nxd5 10. Nxd5 exd5 11. Bf3 Ne5 12. b3 Bf6 13. Bb2 a6 14. Re1 Re8 15. Rb1 h6 16. h3 Qd6 17. c3 Bd7 18. Qc2 Nxf3+ 19. Nxf3 Qf4 20. Qd1 Bf5 21. Rc1 Rxe1+ 22. Nxe1 Re8 23. Nd3 Qg5 24. Kf1 Be4 25. f3 Bg6 26. Nf2 Qe3 27. g3 h5 28. h4 Qe5 29. Kg2 Bd8 30. Qd2 Bc7 31. f4 Qe2 32. Rd1 Bb6 33. Bc1 Be4+ 34. Kg1 Bxf2+ 35. Kh2 Qf3 36. Rg1 Bxg1+ 37. Kxg1 Qh1+ 38. Kf2 Qg2+ 39. Ke3 Qg1+ 40. Qf2 Bh1+ 41. Kd3 Qxf2 42. c4 d4 43. c5 Be4+ 44. Kc4 Qc2+ 45. Kb4 a5+ 46. Kb5 Qxb3+ 47. Kxa5 Bc6 48. a4 Ra8# 0-1

[Event "GER-ch Youth-U12 2024"]
[Site "Willingen"]
[Date "2024.05.19"]
[Round "1"]
[White "Heitmann, Erik"]
[Black "Hoppe, Arthur"]
[Result "1-0"]
[ECO "D85"]
[WhiteElo "1644"]
[BlackElo "1859"]
[Annotator "NA RC"]
[PlyCount "129"]
[EventDate "2022.06.05"]
[EventType "swiss"]
[EventRounds "9"]
[EventCountry "GER"]
[SourceTitle "playchess.com"]
[Source "ChessBase"]
[SourceQuality "1"]
[TimeControl "40/4500+30:900+30"]

1. d4 Nf6 2. c4 g6 3. Nc3 d5 4. cxd5 Nxd5 5. e4 Nxc3 6. bxc3 c5 7. dxc5 Qc7 8. Bc4 Bg7 9. Qf3 O-O 10. Ba3 Nd7 11. Qe3 Ne5 12. Bb3 Ng4 13. Qd2 Qe5 14. Ne2 Be6 15. f3 Bh6 16. Qd4 Qxd4 17. cxd4 Ne3 18. d5 Nxg2+ 19. Kf2 Bh3 20. Kg3 Nh4 21. Kxh3 Nxf3 22. Kg2 Nd2 23. Bc1 Rfc8 24. Bxd2 Bxd2 25. Rad1 Bb4 26. c6 bxc6 27. dxc6 Rxc6 28. Bd5 Rc2 29. Bxa8 Rxe2+ 30. Kf3 Rxa2 31. Ra1 Rc2 32. Rxa7 Bc5 33. Raa1 Rf2+ 34. Kg3 Rc2 35. Rac1 Bd6+ 36. Kf3 Rxh2 37. Rxh2 Bxh2 38. Rc8+ Kg7 39. Re8 Kf6 40. Bd5 Bd6 41. Ra8 h5 42. Ra6 Kg7 43. Ke3 h4 44. Kd4 Bg3 45. e5 Bf2+ 46. Kd3 Bg3 47. Ke4 f5+ 48. Kd4 Bf2+ 49. Kd3 Bg3 50. Re6 g5 51. Rxe7+ Kg6 52. Bf7+ Kh6 53. Be8 Bf4 54. e6 h3 55. Rb7 g4 56. Bc6 Bd6 57. e7 Bxe7 58. Rxe7 g3 59. Ke2 f4 60. Bh1 g2 61. Bxg2 hxg2 62. Kf2 f3 63. Rf7 Kg5 64. Rxf3 Kg4 65. Kxg2 1-0

[Event "GER-ch Youth-U12 2024"]
[Site "Willingen"]
[Date "2024.05.19"]
[Round "1"]
[White "Hagn, Tobias"]
[Black "Junge, Mattheo Gabriel"]
[Result "1-0"]
[ECO "B13"]
[WhiteElo "1631"]
[BlackElo "1817"]
[Annotator "NA RC"]
[PlyCount "151"]
[EventDate "2022.06.05"]
[EventType "swiss"]
[EventRounds "9"]
[EventCountry "GER"]
[SourceTitle "playchess.com"]
[Source "ChessBase"]
[SourceQuality "1"]
[TimeControl "40/4500+30:900+30"]

1. e4 c6 2. d4 d5 3. exd5 cxd5 4. Bd3 Nc6 5. c3 Nf6 6. Bf4 Bg4 7. Qc2 Rc8 8. f3 Bh5 9. Ne2 e6 10. Nd2 Be7 11. Nb3 O-O 12. Bg5 Nb4 13. Qd2 Nxd3+ 14. Qxd3 Bg6 15. Qd2 h6 16. Bh4 b6 17. h3 Qd7 18. Bg3 Nh5 19. Bh2 Bg5 20. f4 Be7 21. O-O Nf6 22. g4 h5 23. gxh5 Nxh5 24. Ng3 Nxg3 25. Bxg3 Bf5 26. Kf2 Bxh3 27. Rh1 Bf5 28. Qe2 Bg6 29. Bh4 Bd6 30. Qg4 Be7 31. Bf6 Bxf6 32. Qh3 Bh4+ 33. Qxh4 f6 34. Rag1 Be4 35. Qh8+ Kf7 36. Rxg7+ Ke8 37. Qxf8+ Kxf8 38. Rxd7 Bxh1 39. Rh7 Kg8 40. Rxh1 Rc6 41. Kf3 a5 42. Nd2 b5 43. Rc1 Kf7 44. b3 Ke7 45. c4 bxc4 46. bxc4 dxc4 47. Rxc4 Rd6 48. Ke4 Rd8 49. Rc7+ Kd6 50. Ra7 Rc8 51. Ra6+ Ke7 52. Rxa5 Rc3 53. f5 exf5+ 54. Kxf5 Rd3 55. Ra7+ Kd6 56. Nb3 Rf3+ 57. Ke4 Rf1 58. Ra6+ Ke7 59. d5 Re1+ 60. Kf3 Rd1 61. d6+ Rxd6 62. Rxd6 Kxd6 63. a4 Kc6 64. a5 Kb5 65. Kf4 Ka6 66. Kf5 Kb5 67. Kxf6 Ka6 68. Ke5 Kb5 69. Kd5 Ka6 70. Kc6 Ka7 71. Kb5 Kb7 72. Nc5+ Ka7 73. a6 Kb8 74. Kb6 Ka8 75. Ne6 Kb8 76. Nc7 1-0

[Event "GER-ch Youth-U12 2024"]
[Site "Willingen"]
[Date "2024.05.19"]
[Round "1"]
[White "Franke, Moritz"]
[Black "Chua, Daniel James"]
[Result "1/2-1/2"]
[ECO "B50"]
[WhiteElo "1597"]
[BlackElo "1751"]
[Annotator "NA RC"]
[PlyCount "86"]
[EventDate "2022.06.05"]
[EventType "swiss"]
[EventRounds "9"]
[EventCountry "GER"]
[SourceTitle "playchess.com"]
[Source "ChessBase"]
[SourceQuality "1"]
[TimeControl "40/4500+30:900+30"]

1. e4 c5 2. Be2 d6 3. d3 Nc6 4. c3 Nf6 5. Be3 g6 6. h3 Bg7 7. Nf3 O-O 8. O-O Be6 9. Nbd2 Rc8 10. d4 cxd4 11. cxd4 d5 12. e5 Nd7 13. Ng5 Qb6 14. Nxe6 fxe6 15. Nb3 Na5 16. Bd2 Nc4 17. Bc3 Rf7 18. Rc1 Rcf8 19. Bxc4 dxc4 20. Na5 Bh6 21. Nxc4 Qa6 22. Bd2 Bxd2 23. Nxd2 Qxa2 24. Qb3 Qa5 25. Nf3 Rd8 26. Ng5 Nf8 27. Nxf7 Kxf7 28. Qc3 Qxc3 29. bxc3 a5 30. Ra1 b6 31. Rab1 Nd7 32. g4 Rc8 33. Rfc1 Rc4 34. Kf1 a4 35. Rb4 Rxb4 36. cxb4 b5 37. Ke2 Nb6 38. Rc5 Nd5 39. Kd2 Nxb4 40. Rxb5 Nd5 41. Ra5 Nf4 42. Rxa4 Nxh3 43. Ke3 g5 1/2-1/2

[Event "GER-ch Youth-U12 2024"]
[Site "Willingen"]
[Date "2024.05.19"]
[Round "1"]
[White "Rinke, Alexander"]
[Black "Meijers, Janis"]
[Result "0-1"]
[ECO "B15"]
[WhiteElo "1596"]
[BlackElo "1787"]
[Annotator "NA RC"]
[PlyCount "58"]
[EventDate "2022.06.05"]
[EventType "swiss"]
[EventRounds "9"]
[EventCountry "GER"]
[SourceTitle "playchess.com"]
[Source "ChessBase"]
[SourceQuality "1"]
[TimeControl "40/4500+30:900+30"]

1. e4 c6 2. Nf3 d5 3. Nc3 dxe4 4. Nxe4 Nf6 5. Nxf6+ exf6 6. d4 Bd6 7. Bd3 O-O 8. O-O Bg4 9. h3 Bh5 10. c3 Qc7 11. Re1 Nd7 12. Be2 Rfe8 13. Be3 Nb6 14. Nh4 Bxe2 15. Qxe2 Nd5 16. Qd2 Re4 17. Nf5 Bh2+ 18. Kh1 Bf4 19. f3 Nxe3 20. Nxe3 Re6 21. Qd3 Bg3 22. Rf1 Rae8 23. Nc4 Re2 24. Rab1 b5 25. Na3 Qf4 26. c4 Rd2 27. Qc3 Ree2 28. Qa5 h6 29. Rg1 Qf5 0-1

[Event "GER-ch Youth-U12 2024"]
[Site "Willingen"]
[Date "2024.05.19"]
[Round "1"]
[White "Gao, Chenzhuo"]
[Black "Fels, Mattis"]
[Result "1-0"]
[ECO "D05"]
[WhiteElo "1580"]
[BlackElo "1759"]
[Annotator "NA RC"]
[PlyCount "87"]
[EventDate "2022.06.05"]
[EventType "swiss"]
[EventRounds "9"]
[EventCountry "GER"]
[SourceTitle "playchess.com"]
[Source "ChessBase"]
[SourceQuality "1"]
[TimeControl "40/4500+30:900+30"]

1. d4 d5 2. Nf3 e6 3. e3 f5 4. Nbd2 Nf6 5. Bd3 Be7 6. b3 O-O 7. Bb2 Ne4 8. O-O Nd7 9. c4 c6 10. Qc2 g5 11. Rad1 h5 12. Ne5 Nxe5 13. dxe5 Qe8 14. cxd5 exd5 15. f3 Nxd2 16. Rxd2 Bb4 17. Re2 Qe7 18. Qc1 Be6 19. Kh1 Rf7 20. a3 Bc5 21. b4 Bb6 22. Bd4 Qc7 23. Rc2 f4 24. b5 fxe3 25. Bxb6 axb6 26. Qxe3 Rg7 27. bxc6 bxc6 28. Rb1 Rxa3 29. Bh7+ Kxh7 30. Qxa3 Bf5 31. Qb2 Bxc2 32. Qxc2+ Kh6 33. g3 c5 34. Qf5 Rg6 35. e6 d4 36. Qf8+ Qg7 37. e7 Re6 38. e8=Q Rxe8 39. Rxb6+ Kh7 40. Qxe8 d3 41. Qxh5+ Kg8 42. Rb8+ Qf8 43. Qg6+ Kh8 44. Rxf8# 1-0

[Event "GER-ch Youth-U12 2024"]
[Site "Willingen"]
[Date "2024.05.19"]
[Round "1"]
[White "Levytskyi, Oleksandr"]
[Black "Hepp, Daniel"]
[Result "1/2-1/2"]
[ECO "B39"]
[WhiteElo "1467"]
[BlackElo "1721"]
[Annotator "NA RC"]
[PlyCount "56"]
[EventDate "2022.06.05"]
[EventType "swiss"]
[EventRounds "9"]
[EventCountry "GER"]
[SourceTitle "playchess.com"]
[Source "ChessBase"]
[SourceQuality "1"]
[TimeControl "40/4500+30:900+30"]

1. e4 c5 2. Nf3 Nc6 3. d4 cxd4 4. Nxd4 g6 5. c4 Bg7 6. Be3 Nf6 7. Nc3 Ng4 8. Qxg4 Nxd4 9. Qd1 Nc6 10. Be2 O-O 11. O-O d6 12. Qd2 Be6 13. Bh6 Rc8 14. Bxg7 Kxg7 15. b3 Qb6 16. Rad1 h6 17. Kh1 Rce8 18. f4 f5 19. exf5 Bxf5 20. Nd5 Qd8 21. Qc3+ Kh7 22. Qg3 e6 23. Ne3 Qe7 24. Bd3 Rg8 25. Rfe1 Qf7 26. Qf2 Rd8 27. Nc2 Rge8 28. Nd4 Nxd4 1/2-1/2

[Event "GER-ch Youth-U12 2024"]
[Site "Willingen"]
[Date "2024.05.19"]
[Round "1"]
[White "König, Lian"]
[Black "Andersen, Jonathan"]
[Result "0-1"]
[ECO "C55"]
[WhiteElo "1180"]
[BlackElo "1693"]
[Annotator "NA"]
[PlyCount "68"]
[EventDate "2022.06.05"]
[EventType "swiss"]
[EventRounds "9"]
[EventCountry "GER"]
[SourceTitle "playchess.com"]
[Source "ChessBase"]
[SourceQuality "1"]
[TimeControl "40/4500+30:900+30"]

1. e4 e5 2. Nf3 Nc6 3. Bc4 Be7 4. c3 Nf6 5. d3 O-O 6. Nbd2 d6 7. Bb3 Nd7 8. d4 exd4 9. Nxd4 Nc5 10. Bc2 a5 11. h3 Bf6 12. Nxc6 bxc6 13. O-O Ba6 14. Re1 Re8 15. Nb3 Nxb3 16. Bxb3 d5 17. exd5 Rxe1+ 18. Qxe1 cxd5 19. Be3 Qd7 20. Qd2 c6 21. Bc5 Re8 22. Re1 h6 23. Rxe8+ Qxe8 24. Bb6 Bd8 25. Bd4 Bg5 26. Qd1 Be2 27. Qc2 Bb5 28. Qd1 Bf4 29. g3 Bd6 30. Be3 Bxg3 31. fxg3 Qxe3+ 32. Kg2 Be2 33. Qg1 Bf3+ 34. Kh2 Qe2+ 0-1

[Event "GER-ch Youth-U12 2024"]
[Site "Willingen"]
[Date "2024.05.19"]
[Round "1"]
[White "Schellinger, Florian"]
[Black "Vu Hoang Bach"]
[Result "0-1"]
[ECO "C00"]
[WhiteElo "863"]
[BlackElo "1677"]
[Annotator "NA"]
[PlyCount "84"]
[EventDate "2022.06.05"]
[EventType "swiss"]
[EventRounds "9"]
[EventCountry "GER"]
[SourceTitle "playchess.com"]
[Source "ChessBase"]
[SourceQuality "1"]
[TimeControl "40/4500+30:900+30"]

1. e4 e6 2. Nf3 d5 3. exd5 exd5 4. Nc3 Bf5 5. Be2 Nf6 6. d3 Bd6 7. Bg5 c6 8. O-O O-O 9. h3 h6 10. Bh4 Nbd7 11. Nd4 Bh7 12. Bg4 Qb6 13. Bxf6 Nxf6 14. Nf5 Bxf5 15. Bxf5 Qxb2 16. Qd2 Bb4 17. Rfb1 Qxc3 18. Qe2 b6 19. Qd1 Rfe8 20. Rb3 Qxa1 21. Qxa1 Re1+ 22. Qxe1 Bxe1 23. Rb1 Bc3 24. Rb3 Be5 25. Rb1 g6 26. Bg4 Nxg4 27. hxg4 Re8 28. g3 Bd4 29. Kg2 Re2 30. Rf1 Rxc2 31. a3 Rd2 32. a4 Rxd3 33. Kh3 c5 34. g5 h5 35. Kh4 c4 36. g4 c3 37. gxh5 c2 38. hxg6 fxg6 39. f4 Bf2+ 40. Kg4 Rg3+ 41. Kh4 Rg1+ 42. Kh3 Rxf1 0-1

[Event "GER-ch Youth-U12 2024"]
[Site "Willingen"]
[Date "2024.05.19"]
[Round "2"]
[White "Tarasenko, Nazar"]
[Black "Lanert, Theodor"]
[Result "1/2-1/2"]
[ECO "E71"]
[WhiteElo "2061"]
[BlackElo "1742"]
[Annotator "NA RC"]
[PlyCount "52"]
[EventDate "2022.06.05"]
[EventType "swiss"]
[EventRounds "9"]
[EventCountry "GER"]
[SourceTitle "playchess.com"]
[Source "ChessBase"]
[SourceQuality "1"]
[TimeControl "40/4500+30:900+30"]

1. d4 Nf6 2. c4 g6 3. Nc3 Bg7 4. e4 d6 5. h3 O-O 6. Be3 c5 7. Nge2 Qa5 8. Qd2 Nc6 9. d5 Nd4 10. f3 Nb3 11. axb3 Qxa1+ 12. Kf2 Qa5 13. g4 e5 14. Ng3 Ne8 15. Bd3 Qd8 16. h4 f6 17. Kg2 Bd7 18. Qe2 h6 19. Qd2 g5 20. Nf5 Bxf5 21. exf5 Qa5 22. Qc1 Qb6 23. Bc2 Qd8 24. Qg1 a5 25. Qh2 Kf7 26. Ne4 Rh8 1/2-1/2

[Event "GER-ch Youth-U12 2024"]
[Site "Willingen"]
[Date "2024.05.19"]
[Round "2"]
[White "Zhang, Yibo"]
[Black "Jahn, Gustav"]
[Result "1-0"]
[ECO "B13"]
[WhiteElo "1988"]
[BlackElo "1755"]
[Annotator "NA RC"]
[PlyCount "131"]
[EventDate "2022.06.05"]
[EventType "swiss"]
[EventRounds "9"]
[EventCountry "GER"]
[SourceTitle "playchess.com"]
[Source "ChessBase"]
[SourceQuality "1"]
[TimeControl "40/4500+30:900+30"]

1. e4 c6 2. d4 d5 3. exd5 cxd5 4. Bd3 Nc6 5. c3 Qc7 6. h3 g6 7. Nf3 Bf5 8. Be2 Nf6 9. O-O Bg7 10. Re1 O-O 11. Bf1 Rab8 12. a4 Ne4 13. Nbd2 a6 14. Nxe4 Bxe4 15. Nd2 Bf5 16. Nb3 Rfd8 17. Qf3 e5 18. dxe5 Nxe5 19. Qg3 f6 20. Be3 Bf8 21. a5 Qd7 22. Bb6 Re8 23. Nd4 Bd6 24. Nxf5 Qxf5 25. Qe3 Re7 26. Qd2 Nf7 27. Rxe7 Bxe7 28. Rd1 Bd8 29. Qxd5 Qxd5 30. Rxd5 Bxb6 31. axb6 Kf8 32. Rd7 h6 33. f4 Ke8 34. Rc7 g5 35. Be2 Kf8 36. fxg5 hxg5 37. Bf3 Nd6 38. Rd7 Nc4 39. Rxb7 Rxb7 40. Bxb7 Nxb6 41. Bxa6 Na4 42. c4 Nxb2 43. c5 Ke7 44. Kf2 Na4 45. c6 Kd6 46. Bb5 Nc3 47. Bc4 Kxc6 48. Ke3 Kd6 49. Kd3 Nd5 50. Ke4 Nf4 51. Bf1 Nh5 52. Kf5 Ke7 53. Kg4 Nf4 54. g3 Kf7 55. h4 Kg6 56. gxf4 gxf4 57. h5+ Kh6 58. Be2 f5+ 59. Kxf5 f3 60. Bxf3 Kh7 61. Kf6 Kh8 62. Kf7 Kh7 63. Bd5 Kh6 64. Bf3 Kh7 65. Be4+ Kh6 66. Bg6 1-0

[Event "GER-ch Youth-U12 2024"]
[Site "Willingen"]
[Date "2024.05.19"]
[Round "2"]
[White "Bundan, Edward"]
[Black "Hellriegel, Hannes"]
[Result "1-0"]
[ECO "C70"]
[WhiteElo "1897"]
[BlackElo "1701"]
[Annotator "NA"]
[PlyCount "75"]
[EventDate "2022.06.05"]
[EventType "swiss"]
[EventRounds "9"]
[EventCountry "GER"]
[SourceTitle "playchess.com"]
[Source "ChessBase"]
[SourceQuality "1"]
[TimeControl "40/4500+30:900+30"]

1. e4 e5 2. Nf3 Nc6 3. Bb5 a6 4. Ba4 b5 5. Bb3 Na5 6. d3 d6 7. O-O Bb7 8. c3 Nxb3 9. Qxb3 Nf6 10. Re1 Be7 11. Nbd2 c5 12. a4 Bc6 13. axb5 axb5 14. Ra3 O-O 15. d4 c4 16. Qc2 Qc7 17. d5 Bd7 18. Nf1 Rxa3 19. bxa3 Nh5 20. Ng3 Nxg3 21. hxg3 f5 22. Nd2 Qc5 23. Rd1 Bg5 24. Qb2 f4 25. gxf4 Bxf4 26. Nf1 Bg4 27. Re1 h5 28. Be3 Bxe3 29. Nxe3 Bd7 30. Kf1 h4 31. Ke2 Rf4 32. f3 g5 33. Qb4 Qxb4 34. axb4 Rf8 35. Ra1 Rd8 36. Ra6 Be8 37. Nf5 Kf8 38. Nxd6 1-0

[Event "GER-ch Youth-U12 2024"]
[Site "Willingen"]
[Date "2024.05.19"]
[Round "2"]
[White "Marynychenko, Yehor"]
[Black "Stehning, Toni"]
[Result "1-0"]
[ECO "C29"]
[WhiteElo "1896"]
[BlackElo "1821"]
[Annotator "NA RC"]
[PlyCount "69"]
[EventDate "2022.06.05"]
[EventType "swiss"]
[EventRounds "9"]
[EventCountry "GER"]
[SourceTitle "playchess.com"]
[Source "ChessBase"]
[SourceQuality "1"]
[TimeControl "40/4500+30:900+30"]

1. e4 e5 2. Nc3 Nf6 3. f4 d5 4. fxe5 Nxe4 5. Nf3 Be7 6. Qe2 Nxc3 7. dxc3 c5 8. Bf4 Nc6 9. O-O-O Be6 10. Qf2 Qa5 11. a3 b5 12. Bd2 Qa4 13. Be3 c4 14. Qg3 O-O-O 15. Nd4 Nxd4 16. Bxd4 Bf5 17. Qf2 Bg5+ 18. Kb1 Bg6 19. Bxa7 Be7 20. g3 Kb7 21. Be3 Bxa3 22. bxa3 Qb3+ 23. Kc1 Qxa3+ 24. Kd2 d4 25. Bxd4 Kc7 26. Ke1 Qa5 27. Bg2 Bh5 28. Bf3 Rxd4 29. Qxd4 Bxf3 30. Rf1 Bxd1 31. Rxf7+ Kc8 32. Qd7+ Kb8 33. Qd6+ Ka8 34. Qc6+ Kb8 35. Qb7# 1-0

[Event "GER-ch Youth-U12 2024"]
[Site "Willingen"]
[Date "2024.05.19"]
[Round "2"]
[White "Hoppe, Arthur"]
[Black "Noll, Raphael"]
[Result "1-0"]
[ECO "C42"]
[WhiteElo "1859"]
[BlackElo "1775"]
[Annotator "NA RC"]
[PlyCount "61"]
[EventDate "2022.06.05"]
[EventType "swiss"]
[EventRounds "9"]
[EventCountry "GER"]
[SourceTitle "playchess.com"]
[Source "ChessBase"]
[SourceQuality "1"]
[TimeControl "40/4500+30:900+30"]

1. e4 e5 2. Nf3 Nf6 3. Nxe5 d6 4. Nf3 Nxe4 5. d4 d5 6. Bd3 Bd6 7. O-O O-O 8. c4 c6 9. Qc2 Re8 10. Nc3 Nxc3 11. Bxh7+ Kh8 12. bxc3 Bg4 13. Ng5 Qd7 14. h3 Bh5 15. Bf5 Qe7 16. c5 Bc7 17. Bd2 g6 18. Rfe1 Qf8 19. Rxe8 Qxe8 20. Re1 Qf8 21. Bd3 f5 22. Ne6 Qf7 23. Nxc7 Qxc7 24. Re8+ Kg7 25. Bg5 Qa5 26. g4 fxg4 27. Qe2 Qc7 28. Re7+ Qxe7 29. Qxe7+ Kg8 30. Bf6 gxh3 31. Qg7# 1-0

[Event "GER-ch Youth-U12 2024"]
[Site "Willingen"]
[Date "2024.05.19"]
[Round "2"]
[White "Junge, Mattheo Gabriel"]
[Black "Levytskyi, Oleksandr"]
[Result "1-0"]
[ECO "C97"]
[WhiteElo "1817"]
[BlackElo "1467"]
[Annotator "NA RC"]
[PlyCount "45"]
[EventDate "2022.06.05"]
[EventType "swiss"]
[EventRounds "9"]
[EventCountry "GER"]
[SourceTitle "playchess.com"]
[Source "ChessBase"]
[SourceQuality "1"]
[TimeControl "40/4500+30:900+30"]

1. e4 e5 2. Nf3 Nc6 3. Bb5 a6 4. Ba4 Nf6 5. O-O b5 6. Bb3 Be7 7. Re1 d6 8. h3 Na5 9. c3 O-O 10. Bc2 c5 11. d4 Qc7 12. d5 Re8 13. Nbd2 Bf8 14. Nf1 g6 15. Ng3 Bg7 16. b3 Rf8 17. Bd2 Ne8 18. Qc1 f5 19. exf5 gxf5 20. Bh6 e4 21. Nh4 Qf7 22. Qg5 Qxd5 23. Bxe4 1-0

[Event "GER-ch Youth-U12 2024"]
[Site "Willingen"]
[Date "2024.05.19"]
[Round "2"]
[White "Peglau, Paul David"]
[Black "Hagn, Tobias"]
[Result "1-0"]
[ECO "D40"]
[WhiteElo "1806"]
[BlackElo "1631"]
[Annotator "NA RC"]
[PlyCount "129"]
[EventDate "2022.06.05"]
[EventType "swiss"]
[EventRounds "9"]
[EventCountry "GER"]
[SourceTitle "playchess.com"]
[Source "ChessBase"]
[SourceQuality "1"]
[TimeControl "40/4500+30:900+30"]

1. d4 d5 2. Nf3 c5 3. c4 e6 4. e3 Nc6 5. Nc3 Nf6 6. a3 Be7 7. dxc5 Bxc5 8. b4 Bd6 9. c5 Bc7 10. Nd4 e5 11. Nb3 O-O 12. Bb2 d4 13. Nb5 dxe3 14. fxe3 Bb8 15. Nc3 Be6 16. Nd2 Ng4 17. Nc4 Qf6 18. Ne4 Qf5 19. Qf3 Qg6 20. h3 Nh6 21. b5 Ne7 22. Ned6 Bd5 23. Nxe5 Bxf3 24. Nxg6 Nxg6 25. gxf3 Bxd6 26. cxd6 Nf5 27. Kf2 Nxd6 28. Be2 Rfe8 29. Rhd1 Nf5 30. e4 Nf4 31. Bf1 Ne7 32. Rd7 Rab8 33. Rc1 Ne6 34. Bc4 Kf8 35. Bxe6 fxe6 36. Rcc7 a6 37. b6 Rbd8 38. Rxb7 Rxd7 39. Rxd7 Rb8 40. Bxg7+ Ke8 41. Rd6 Nc8 42. Rxe6+ Kf7 43. Be5 Kxe6 44. Bxb8 Nxb6 45. Bf4 Nc4 46. Bc1 Ne5 47. Ke3 Nc6 48. f4 Na5 49. f5+ Kd6 50. Kf4 Nc4 51. Kg5 Ke7 52. a4 Nb6 53. Ba3+ Kf7 54. e5 Nc8 55. e6+ Ke8 56. f6 Nb6 57. f7+ Kd8 58. f8=Q+ Kc7 59. Qd6+ Kb7 60. e7 Nc8 61. e8=Q Nxd6 62. Bxd6 Kb6 63. Qc8 Ka5 64. Qc5+ Kxa4 65. Qb4# 1-0

[Event "GER-ch Youth-U12 2024"]
[Site "Willingen"]
[Date "2024.05.19"]
[Round "2"]
[White "Meijers, Janis"]
[Black "Li, Yunqi"]
[Result "0-1"]
[ECO "E32"]
[WhiteElo "1787"]
[BlackElo "1940"]
[Annotator "RC"]
[PlyCount "132"]
[EventDate "2022.06.05"]
[EventType "swiss"]
[EventRounds "9"]
[EventCountry "GER"]
[SourceTitle "playchess.com"]
[Source "ChessBase"]
[SourceQuality "1"]
[TimeControl "40/4500+30:900+30"]

1. d4 Nf6 2. c4 e6 3. Nc3 Bb4 4. Qc2 b6 5. Nf3 Bb7 6. a3 Bxc3+ 7. Qxc3 Ne4 8. Qc2 f5 9. e3 O-O 10. Be2 d6 11. b4 Nd7 12. Bb2 Qe7 13. O-O Rae8 14. d5 e5 15. Nd2 Nxd2 16. Qxd2 Rf6 17. Rae1 Rh6 18. g3 Rf8 19. f4 c6 20. Bf3 e4 21. Be2 cxd5 22. Rc1 Nf6 23. Bd4 dxc4 24. Bxc4+ d5 25. Bxf6 Rhxf6 26. Bxd5+ Bxd5 27. Qxd5+ Kh8 28. Rfd1 R6f7 29. a4 Qxb4 30. Rc6 Qxa4 31. Rd6 h6 32. Qe5 Kh7 33. Qe6 Rf6 34. Qe5 Rxd6 35. Rxd6 Rf7 36. Qd5 Rf6 37. Rxf6 Qa1+ 38. Kg2 Qxf6 39. Qb7 a5 40. Qd7 Qf8 41. Kf2 Qc5 42. Qa4 Qd5 43. Qa3 Qd2+ 44. Kg1 Qb4 45. Qc1 a4 46. Qc8 Qc5 47. Qe6 a3 48. Kf2 Qa5 49. Qa2 Qc5 50. Qe6 b5 51. g4 fxg4 52. Qxe4+ Kg8 53. Qe8+ Qf8 54. Qxb5 Qa8 55. Qb3+ Kh8 56. Qa2 Qf3+ 57. Kg1 Qxe3+ 58. Kg2 Qe4+ 59. Kg1 Qd4+ 60. Kh1 Qxf4 61. Qb1 a2 62. Qe1 Qf5 63. Kg2 Qb1 64. Qe8+ Kh7 65. h4 a1=Q 66. h5 Qg1# 0-1

[Event "GER-ch Youth-U12 2024"]
[Site "Willingen"]
[Date "2024.05.19"]
[Round "2"]
[White "Fels, Mattis"]
[Black "Draude, Theo"]
[Result "1-0"]
[ECO "B13"]
[WhiteElo "1759"]
[BlackElo "1731"]
[Annotator "NA RC"]
[PlyCount "75"]
[EventDate "2022.06.05"]
[EventType "swiss"]
[EventRounds "9"]
[EventCountry "GER"]
[SourceTitle "playchess.com"]
[Source "ChessBase"]
[SourceQuality "1"]
[TimeControl "40/4500+30:900+30"]

1. d4 Nf6 2. Nc3 d5 3. Bf4 c5 4. e3 cxd4 5. exd4 a6 6. Nf3 Nc6 7. Ne5 Bd7 8. g3 e6 9. Bg2 Nxe5 10. dxe5 Ng8 11. O-O Ne7 12. Ne2 Ng6 13. Rc1 Bb5 14. Re1 Bc5 15. Nd4 Nxf4 16. gxf4 Qh4 17. Qd2 Bxd4 18. Qxd4 g5 19. c4 Bxc4 20. b3 Bb5 21. Rc7 Bc6 22. Qc5 gxf4 23. Rxc6 bxc6 24. Qxc6+ Ke7 25. Qd6+ Ke8 26. Qc6+ Ke7 27. Qb7+ Kf8 28. Qxa8+ Kg7 29. Qxa6 Rg8 30. Qe2 Kh8 31. Kh1 Qg5 32. Qf3 Qf5 33. a4 Rg5 34. Bh3 Qc2 35. Qxf4 Rg7 36. Qf6 Qd3 37. Rg1 Qe4+ 38. f3 1-0

[Event "GER-ch Youth-U12 2024"]
[Site "Willingen"]
[Date "2024.05.19"]
[Round "2"]
[White "Shevchenko, Igor"]
[Black "Heitmann, Erik"]
[Result "1-0"]
[ECO "B28"]
[WhiteElo "1758"]
[BlackElo "1644"]
[Annotator "NA RC"]
[PlyCount "117"]
[EventDate "2022.06.05"]
[EventType "swiss"]
[EventRounds "9"]
[EventCountry "GER"]
[SourceTitle "playchess.com"]
[Source "ChessBase"]
[SourceQuality "1"]
[TimeControl "40/4500+30:900+30"]

1. d4 Nf6 2. c4 c5 3. Nf3 cxd4 4. Nxd4 Nc6 5. Nc3 a6 6. e4 e5 7. Nb3 Bb4 8. Bd3 Bxc3+ 9. bxc3 O-O 10. O-O b6 11. Be3 d6 12. f3 Qc7 13. Nd2 Ne7 14. Rb1 Nd7 15. Qe1 Nc5 16. Be2 f5 17. Qf2 Rb8 18. Bxc5 dxc5 19. exf5 Bxf5 20. Rb2 Rbd8 21. Qe3 Ng6 22. Ne4 Bxe4 23. Qxe4 Rf4 24. Qb1 Rd6 25. g3 Rff6 26. Qe4 Qd8 27. a4 a5 28. Rfb1 Rfe6 29. Qc2 Qg5 30. Kf2 Qf6 31. Bd3 h5 32. Be4 Ne7 33. Rd1 h4 34. Bd5 Nxd5 35. cxd5 Re7 36. Qe4 hxg3+ 37. hxg3 Qh6 38. Kg2 Kf7 39. c4 Qg5 40. Re2 Rg6 41. g4 Rd6 42. Rh1 Qf4 43. Rh5 Qxe4 44. Rxe4 g6 45. Rh7+ Kf6 46. g5+ Kf5 47. Rxe7 Kxg5 48. R4xe5+ Kf6 49. R5e6+ Kg5 50. Rxd6 b5 51. cxb5 c4 52. Rc6 Kf5 53. d6 c3 54. d7 c2 55. d8=Q c1=Q 56. Rxc1 g5 57. Qf8+ Kg6 58. Rg7+ Kh5 59. Rh1# 1-0

[Event "GER-ch Youth-U12 2024"]
[Site "Willingen"]
[Date "2024.05.19"]
[Round "2"]
[White "Chua, Daniel James"]
[Black "Gao, Chenzhuo"]
[Result "1-0"]
[ECO "C11"]
[WhiteElo "1751"]
[BlackElo "1580"]
[Annotator "NA RC"]
[PlyCount "49"]
[EventDate "2022.06.05"]
[EventType "swiss"]
[EventRounds "9"]
[EventCountry "GER"]
[SourceTitle "playchess.com"]
[Source "ChessBase"]
[SourceQuality "1"]
[TimeControl "40/4500+30:900+30"]

1. e4 e6 2. d4 d5 3. Nc3 Nf6 4. e5 Nfd7 5. f4 c5 6. Nf3 Nc6 7. Be3 Be7 8. Be2 O-O 9. Qd2 Qa5 10. O-O-O c4 11. g4 b5 12. f5 Nb4 13. Bg5 Nxa2+ 14. Nxa2 Qxa2 15. Qf4 Ba3 16. Kd2 Bxb2 17. f6 Qa3 18. Ke1 Re8 19. fxg7 Bc3+ 20. Kf1 Bb4 21. Bf6 Nxf6 22. exf6 Qa5 23. Qh6 Qc7 24. Ng5 Qf4+ 25. Kg2 1-0